 Dungeon Crawl Stone Soup version 0.23-a0-586-gacb4b3f (webtiles) character file.

213175 KatCrap the Warrior (level 18, -5/166 HPs)
             Began as a Centaur Arcane Marksman on Dec 19, 2018.
             Was the Champion of Jiyva.
             Killed from afar by a nagaraja (24 damage)
             ... with an orb of energy
             ... on level 3 of the Snake Pit.
             The game lasted 04:09:36 (57165 turns).

KatCrap the Warrior (Centaur Arcane Marksman)      Turns: 57165, Time: 04:09:37

Health: -5/166     AC: 48    Str: 31    XL:     18   Next: 26%
Magic:  33/33      EV:  6    Int: 16    God:    Jiyva [******]
Gold:   2264       SH: 12    Dex: 10    Spells: 17/23 levels left

rFire    + . .     SeeInvis +   a - +8 demon trident "Ywnijiz" {elec, rPois rC++}
rCold    + + +     Gourm    .   Y - +0 shield
rNeg     + + +     Faith    .   D - +12 plate armour of Dyspraxia {+Inv}
rPois    +         Spirit   .   T - +2 hat of Cicy {rF+ Str+3 Int+4}
rElec    +         Reflect  .   L - +2 cloak {MR+}
rCorr    +         Harm     .   A - +0 pair of gloves of Resilience {rPois Int+3}
MR       ++...                  X - +4 centaur barding "Neixeox" {rN++ MP+9 Str-4 Stlth+}
Stlth    ..........             R - amulet of Gular {+Rage rElec Dex+7 SInv}
HPRegen  0.37/turn              h - +6 ring of strength
MPRegen  0.23/turn              v - ring "Beipno" {rCorr +Blink rC++ rN+ Int-5}

@: lethally poisoned (-5 -> -16), studying Throwing, very quick
A: large, hooves 3, icy blue scales 1, molten scales 1, see invisible, deformed
body, speed 2, mutation resistance 1, tough skin 3, eyeballs 1, translucent skin
1, MP-powered wands, sturdy frame 1
}: 1/15 runes: barnacled
a: Request Jelly, Slimify, Cure Bad Mutation, Renounce Religion, Evoke Blink,
Evoke Berserk Rage, Evoke Invisibility


You were on level 3 of the Snake Pit.
You worshipped Jiyva.
Jiyva was exalted by your worship.
You were completely stuffed.

You visited 7 branches of the dungeon, and saw 36 of its levels.
You also visited: Ossuary, Gauntlet and Ice Cave.

You collected 3168 gold pieces.
You spent 904 gold pieces at shops.

Inventory:

Hand Weapons
 a - the +8 demon trident "Ywnijiz" (weapon) {elec, rPois rC++}
   (Okawaru gifted it to you on level 12 of the Dungeon)

   Occasionally, upon striking a foe, it will discharge some electrical energy
   and cause terrible harm.
   It greatly protects you from cold.
   It protects you from poison.
 d - a +3 demon trident of venom
Missiles
 w - 8 throwing nets
 B - 16 silver javelins (quivered)
Armour
 e - a +2 pair of gloves of strength
 A - the +0 pair of gloves of Resilience (worn) {rPois Int+3}
   (You found it in an ice cave)

   It affects your intelligence (+3).
   It protects you from poison.
 C - a scarf of resistance
 D - the +12 plate armour of Dyspraxia (worn) {+Inv}
   (You found it in a Gauntlet)

   It lets you turn invisible.
 L - a +2 cloak of magic resistance (worn)
 S - a scarf of cloud immunity
 T - the +2 hat of Cicy (worn) {rF+ Str+3 Int+4}
   (You bought it in a shop on level 4 of the Snake Pit)

   It affects your strength (+3).
   It affects your intelligence (+4).
   It protects you from fire.
 X - the +4 centaur barding "Neixeox" (worn) {rN++ MP+9 Str-4 Stlth+}
   (Okawaru gifted it to you on level 13 of the Dungeon)

   It affects your strength (-4).
   It greatly protects you from negative energy.
   It affects your magic capacity (+9).
   It makes you more stealthy.
 Y - a +0 shield (worn)
Jewellery
 h - a +6 ring of strength (left hand)
 v - the ring "Beipno" (right hand) {rCorr +Blink rC++ rN+ Int-5}
   (You found it in a Gauntlet)

   [ring of resist corrosion]

   It affects your intelligence (-5).
   It greatly protects you from cold.
   It protects you from negative energy.
   It lets you blink.
 H - an uncursed ring of protection from fire
 J - an uncursed ring of protection from fire
 R - the amulet of Gular (around neck) {+Rage rElec Dex+7 SInv}
   (You found it on level 3 of the Lair of Beasts)

   [amulet of rage]

   It affects your dexterity (+7).
   It insulates you from electricity.
   It lets you see invisible.
   It lets you go berserk.
 Z - an uncursed ring of flight
Wands
 q - a wand of clouds (6)
 u - a wand of iceblast (24)
 z - a wand of acid (6)
 E - a wand of paralysis (14)
 I - a wand of digging (7)
 V - a wand of enslavement (4)
Scrolls
 b - 2 scrolls of blinking
 i - a scroll of magic mapping
 k - 3 scrolls of identify
 m - 15 scrolls of remove curse
 n - 7 scrolls of fear
 p - 6 scrolls of fog
 F - 7 scrolls of teleportation
 U - 3 scrolls of amnesia
 W - 2 scrolls of summoning
Potions
 c - 4 potions of might
 j - 13 potions of haste
 l - 12 potions of curing
 o - 5 potions of cancellation
 s - 2 potions of invisibility
 t - 3 potions of resistance
 x - a potion of brilliance
 G - 7 potions of heal wounds
 K - a potion of ambrosia
 M - 2 potions of berserk rage
 N - 3 potions of agility
 O - 6 potions of lignification
 Q - 2 potions of magic
Books
 g - a manual of Throwing
Miscellaneous
 y - a phantom mirror
 P - a lamp of fire
Comestibles
 f - 30 rations


   Skills:
 - Level 15.9 Fighting
 - Level 14.0 Polearms
   Level 2.6 Crossbows
 * Level 12.5 Throwing
 * Level 14.0 Armour
 - Level 2.3 Dodging
 + Level 9.6 Shields
 - Level 3.3 Spellcasting
 - Level 2.0 Conjurations
 - Level 4.5 Hexes
 - Level 2.0 Fire Magic
   Level 8.4 Invocations
 * Level 8.6 Evocations


You had 17 spell levels left.
You knew the following spells:

 Your Spells              Type           Power        Failure   Level  Hunger
a - Corona                Hex            ###....      11%         1    None
b - Slow                  Hex            ###.....     16%         2    ##.....
c - Conjure Flame         Conj/Fire      #.......     65%         3    ###....

Your spell library contained the following spells:

 Spells                   Type           Power        Failure   Level  Hunger
 Magic Dart               Conj           #...         30%         1    None
 Ensorcelled Hibernation  Hex/Ice        #.....       38%         2    ##.....
 Shock                    Conj/Air       #...         41%         1    None
 Sting                    Conj/Pois      #...         41%         1    None
 Searing Ray              Conj           #.....       41%         2    ##.....
 Dazzling Spray           Conj/Hex       ##....       47%         3    ###....
 Inner Flame              Hex/Fire       ##......     47%         3    ###....
 Beastly Appendage        Tmut           #.....       56%         1    None
 Sandblast                Erth           #.....       56%         1    None
 Throw Frost              Conj/Ice       #.....       56%         2    ##.....
 Portal Projectile        Hex/Tloc       #.....       63%         3    ###....
 Poisonous Vapours        Pois/Air       #.....       71%         2    ##.....
 Shroud of Golubria       Chrm/Tloc      #.........   71%         2    ##.....
 Song of Slaying          Chrm           #.......     71%         2    ##.....
 Sticks to Snakes         Tmut           #.......     71%         2    ##.....
 Swiftness                Chrm/Air       #.......     71%         2    ##.....
 Cause Fear               Hex            ###.......   71%         4    ####...
 Static Discharge         Conj/Air       #.......     80%         3    ###....
 Stone Arrow              Conj/Erth      #.....       80%         3    ###....
 Mephitic Cloud           Conj/Pois/Air  #.......     83%         3    ###....
 Fulminant Prism          Conj/Hex       ##........   87%         4    ####...
 Recall                   Summ/Tloc      N/A          90%         3    ###....
 Spider Form              Tmut/Pois      #.........   90%         3    ###....
 Leda's Liquefaction      Hex/Erth       #.........   95%         4    ####...
 Iskenderun's Mystic Bla  Conj           #.......     96%         4    ####...
 Force Lance              Conj/Tloc      #.......     99%         4    ####...
 Throw Icicle             Conj/Ice       #.......     99%         4    ####...
 Airstrike                Air            #.........   100%        4    ####...
 Ice Form                 Ice/Tmut       #.......     100%        4    ####...
 Olgreb's Toxic Radiance  Pois           #.......     100%        4    ####...
 Summon Ice Beast         Ice/Summ       #.......     100%        4    ####...
 Aura of Abjuration       Summ           #.........   100%        5    ######.
 Blade Hands              Tmut           #.........   100%        5    ######.
 Bolt of Magma            Conj/Fire/Erth #.........   100%        5    ######.
 Excruciating Wounds      Chrm/Necr      #.........   100%        5    ######.
 Irradiate                Conj/Tmut      #.........   100%        5    ######.
 Iskenderun's Battlesphe  Conj/Chrm      #.......     100%        5    ######.
 Lightning Bolt           Conj/Air       #.........   100%        5    ######.
 Metabolic Englaciation   Hex/Ice        #.........   100%        5    ######.
 Summon Demon             Summ           #.........   100%        5    ######.
 Summon Forest            Summ/Tloc      #.........   100%        5    ######.
 Summon Mana Viper        Hex/Summ       #.......     100%        5    ######.
 Venom Bolt               Conj/Pois      #.........   100%        5    ######.
 Bolt of Cold             Conj/Ice       #.........   100%        6    #######
 Freezing Cloud           Conj/Ice/Air   #.........   100%        6    #######
 Hydra Form               Tmut           #.........   100%        6    #######
 Iron Shot                Conj/Erth      #.........   100%        6    #######
 Ozocubu's Refrigeration  Ice            #.........   100%        6    #######
 Shadow Creatures         Summ           N/A          100%        6    #######
 Simulacrum               Ice/Necr       #.........   100%        6    #######
 Statue Form              Tmut/Erth      #........    100%        6    #######
 Dragon Form              Tmut           #.........   100%        7    #######
 Orb of Destruction       Conj           #.........   100%        7    #######
 Ring of Flames           Chrm/Fire      #.........   100%        7    #######
 Spellforged Servitor     Conj/Summ      #.........   100%        7    #######


Dungeon Overview and Level Annotations

Branches:
Dungeon (15/15)            Temple (1/1) D:6            Lair (6/6) D:9
 Shoals (4/4) Lair:4        Snake (4/4) Lair:2        Slime (4/5) Lair:6
    Orc (2/2) D:12            Elf (0/3) Orc:2        Vaults (0/5) D:13
 Depths (0/5) D:15

Altars:
Ashenzari
Elyvilon
Fedhas
Hepliaklqana
Kikubaaqudgha
Makhleb
Okawaru
Qazlal
Ru
Sif Muna
Trog
Uskayaw
Wu Jian
Xom
Yredelemnul
The Shining One
Beogh
Jiyva

Shops:
Orc:2 ?:(!}   Snake:4 [

Annotations:
D:1 exclusion: 2 downstairs
D:4 exclusion: downstairs
D:6 exclusion: downstairs
D:10 exclusion: downstairs
D:12 exclusion: downstairs
Shoals:2 2 runed doors, Nabew's ghost, adept SpEn
Shoals:3 exclusion: downstairs
Snake:1 exclusion: downstairs


Innate Abilities, Weirdness & Mutations

You have hooves in place of feet.
Armour fits poorly on your strangely shaped body.
You cover ground very quickly.
You have extremely tough skin. (AC +3)
You are partially covered in icy blue scales. (AC +2)
You are partially covered in molten scales. (AC +2)
You have supernaturally acute eyesight. (SInv)
You are somewhat resistant to further mutation.
Your body has grown golden eyes which may confuse attackers. (Acc +3)
Your translucent skin slightly reduces your foes' accuracy. (Stealth)
You expend magic power (3 MP) to strengthen your wands.
Your movements are slightly less encumbered by armour. (ER -2)


Message History

Aim: a nagaraja, wearing a +0 robe (moderately wounded, fast)
You reach to attack!
You puncture the nagaraja!
The nagaraja is moderately wounded.
You feel sick.
Attack whom?
Press: ? - help, Dir - move target cursor, f/p - nagaraja
Aim: a nagaraja, wearing a +0 robe (moderately wounded, fast)
You reach to attack!
You puncture the nagaraja! Lightning courses through the nagaraja!
The nagaraja is severely wounded.
You feel sick.
Attack whom?
Press: ? - help, Dir - move target cursor, f/p - nagaraja
Aim: a nagaraja, wearing a +0 robe (severely wounded, fast)
You hit the nagaraja. You kick the nagaraja.
The nagaraja is severely wounded.
You feel sick. The nagaraja casts a spell at you. The orb of energy hits you!
You die...

#.....###.#...#####.
#.....#..#####...#.#
#..........######.##
#...........### #.##
#..#..........# ##.#
###...........####.#
###..........###....
#.#.........###.....
#.#@.......###......
##N######..#........
#N######.##........
#>......###........
#........##........
#........###.......
#........###.....J.
#.........##.......
#.........###....##


You could see a nagaraja and a naga.

Vanquished Creatures
  5 deep elf master archers
  6 titans
  Kirke (Lair:4)
  Roxanne (D:14)
  A nagaraja (Snake:4)
  3 fire giants (Shoals:2)
  A frost giant (Orc:2)
  4 orc warlords
  An ironheart preserver (D:13)
  4 stone giants
  2 entropy weavers (Lair:4)
  A green draconian (Snake:1)
  A red draconian (Orc:2)
  A deep elf annihilator (Shoals:4)
  Azrael (Snake:2)
  5 minotaurs
  Snorg (D:13)
  5 merfolk javelineers
  A fire dragon (Lair:6)
  16 merfolk impalers
  13 naga warriors
  5 hydras
  7 two-headed ogres
  5 centaur warriors
  2 merfolk avatars
  10 anacondas
  A queen ant (Lair:4)
  5 merfolk aquamancers
  3 death yaks (Lair:6)
  3 satyrs
  The ghost of confidenceinterval the Fighter, a novice GnWn of Okawaru (D:8)
  5 tengu warriors
  8 naga sharpshooters
  Urug (Lair:5)
  A shock serpent (shapeshifter) (D:15)
  Sonja (Orc:2)
  An orc high priest (Orc:2)
  8 shock serpents
  3 deep elf knights
  4 salamander mystics
  3 skeletal warriors
  An unseen horror (D:13)
  17 sea snakes
  A kraken simulacrum (Shoals:4)
  An unseen horror (shapeshifter) (D:15)
  A lindwurm (Lair:6)
  7 naga ritualists
  4 deep elf archers
  8 deep elf magi
  18 harpies
  A wolf spider zombie (D:15)
  8 orc sorcerers
  A necromancer (IceCv)
  16 manticores
  13 ugly things
  A wolf spider (D:15)
  8 mana vipers
  3 elephants (Lair:6)
  7 fauns
  8 cyclopes
  12 salamanders
  13 merfolk sirens
  A manticore (shapeshifter) (D:15)
  A moth of wrath (Gauntlet)
  Joseph (D:8)
  Maurice (D:13)
  Psyche (D:11)
  3 molten gargoyles (Lair:6)
  40 black mambas
  6 guardian serpents
  25 naga magi
  4 water nymphs
  An ice statue (IceCv)
  13 spiny frogs
  A torpor snail (Lair:6)
  A yaktaur (shapeshifter) (D:15)
  A rime drake (Lair:3)
  13 komodo dragons
  11 freezing wraiths
  3 polar bears
  A tengu conjurer (Snake:2)
  14 blink frogs
  2 hornets
  46 merfolk
  6 trolls
  A hornet (shapeshifter) (D:15)
  A hippogriff (shapeshifter) (D:15)
  5 wind drakes
  19 hippogriffs
  9 slime creatures
  16 dream sheep
  6 snapping turtles
  13 water elementals
  A spriggan (D:10)
  12 flying skulls (Gauntlet)
  A vampire (D:15)
  31 yaks
  2 wraiths
  2 shadows
  4 wyverns
  A steam dragon (Lair:6)
  2 hogs (Lair:4)
  2 fire elementals (Snake:2)
  A human (shapeshifter) (D:15)
  A hungry ghost (D:13)
  11 vampire mosquitoes
  3 basilisks
  59 nagas
  A death yak simulacrum (IceCv)
  An acid dragon (D:13)
  6 wargs
  10 hell hounds
  18 soldier ants (Lair:4)
  8 porcupines
  5 small abominations (Gauntlet)
  5 water moccasins
  30 orc warriors
  9 ice beasts
  5 black bears
  4 sky beasts
  2 phantoms
  A necrophage (D:10)
  6 ogres
  5 boggarts (D:15)
  14 wolves
  19 centaurs
  14 crocodiles
  19 bullfrogs
  A gnoll sergeant (D:10)
  A wyvern zombie (D:14)
  A water moccasin zombie (D:6)
  10 scorpions
  5 wights (D:10)
  An elephant simulacrum (IceCv)
  5 killer bees
  4 electric eels (Lair:4)
  A howler monkey (D:7)
  11 centaur zombies
  5 lava snakes (Lair:6)
  4 crimson imps
  4 draconian simulacra (IceCv)
  2 quasits
  2 bullfrog zombies
  7 hounds
  3 human zombies (Ossuary)
  34 orc priests
  5 centaur skeletons
  21 worker ants
  Ijyb (D:5)
  An iguana (D:9)
  34 orc wizards
  6 troll simulacra (IceCv)
  2 wolf simulacra (IceCv)
  2 big kobold zombies (Ossuary)
  3 centaur simulacra (IceCv)
  A hound zombie (D:8)
  A hound skeleton (D:8)
  3 mummies (Ossuary)
  15 gnolls
  A howler monkey skeleton (D:4)
  17 adders
  4 naga simulacra (IceCv)
  3 ogre simulacra (IceCv)
  6 scorpion zombies (Ossuary)
  2 shadow imps (D:11)
  12 white imps (IceCv)
  3 oozes
  2 adder skeletons (D:5)
  6 worms
  3 dart slugs
  8 leopard geckos
  133 orcs
  A ball python (D:2)
  11 bats
  3 giant cockroaches
  6 gnoll zombies (Ossuary)
  18 goblins
  11 hobgoblins
  11 jackals
  6 quokkas
  3 frilled lizards
  A goblin zombie (Ossuary)
  2 hobgoblin zombies (Ossuary)
  A jackal skeleton (D:4)
  22 kobolds
  A leopard gecko zombie (D:5)
  2 orc zombies (Ossuary)
  11 rats
  A rat zombie (D:6)
  A plant (D:8)
1389 creatures vanquished.

Vanquished Creatures (others)
  3 acid blobs (Slime:2)
  An azure jelly (Slime:2)
  A fire giant (Snake:1)
  A deep elf mage (Shoals:3)
  A shining eye (Slime:2)
  A naga mage (Snake:3)
  A guardian serpent (Snake:4)
  A tengu conjurer (Shoals:4)
  A merfolk (Shoals:4)
  10 slime creatures (Slime:2)
  A hippogriff (Shoals:4)
  A wyvern (Lair:6)
  A human (Lair:4)
  An eye of draining (Slime:2)
  A scorpion (Ossuary)
  A wyvern skeleton (D:11)
  112 jellies
  An orc priest (Shoals:4)
  A leopard gecko (D:7)
  5 orcs
  A hobgoblin (D:12)
  6 fungi
  24 plants
  4 tentacles (Shoals:4)
181 creatures vanquished.

Grand Total: 1570 creatures vanquished

Notes
Turn   | Place    | Note
-------+----------+-------------------------------------------
     0 | D:1      | KatCrap the Centaur Arcane Marksman began the quest for the
                  | Orb.
     0 | D:1      | Reached XP level 1. HP: 16/16 MP: 2/2
   185 | D:1      | Found a shattered altar of Ashenzari.
   349 | D:1      | Reached XP level 2. HP: 22/23 MP: 3/3
   356 | D:1      | Learned a level 2 spell: Slow
   955 | D:1      | Reached XP level 3. HP: 28/28 MP: 2/4
  1137 | D:2      | Found an iron altar of Okawaru.
  1424 | D:2      | Became a worshipper of Warmaster Okawaru
  1562 | D:2      | Reached XP level 4. HP: 30/35 MP: 1/5
  2384 | D:3      | Reached XP level 5. HP: 40/40 MP: 4/7
  2518 | D:3      | Found a deep blue altar of Sif Muna.
  3067 | D:2      | Reached skill level 1 in Armour
  3627 | D:3      | Noticed an ice beast
  3664 | D:3      | Killed an ice beast
  3664 | D:3      | Reached * piety under Okawaru
  3664 | D:3      | Reached skill level 1 in Polearms
  3664 | D:3      | Reached XP level 6. HP: 46/47 MP: 7/9
  4442 | D:4      | Reached skill level 1 in Invocations
  4876 | D:4      | Reached XP level 7. HP: 37/52 MP: 11/11
  5221 | D:5      | Entered Level 5 of the Dungeon
  5221 | D:5      | Found an ancient bone altar of Kikubaaqudgha.
  5221 | D:5      | Found a bloodstained altar of Trog.
  5221 | D:5      | Found a stormy altar of Qazlal.
  5350 | D:5      | Reached ** piety under Okawaru
  5419 | D:5      | Noticed Ijyb
  5438 | D:5      | Killed Ijyb
  5481 | D:5      | Identified the cursed +1 dagger "Jiytecsi" {pierce, rElec}
  6316 | D:5      | Found a stormy altar of Qazlal.
  6318 | D:5      | Found a bloodstained altar of Trog.
  6320 | D:5      | Found an ancient bone altar of Kikubaaqudgha.
  6524 | D:6      | Found a sand-covered staircase.
  6562 | D:6      | Reached XP level 8. HP: 32/59 MP: 12/12
  6704 | D:6      | Found a hide-covered altar of Uskayaw.
  6804 | Ossuary  | Entered an ossuary
  7039 | Ossuary  | Reached skill level 2 in Fighting
  7467 | Ossuary  | Reached skill level 5 in Polearms
  7819 | D:6      | Found a staircase to the Ecumenical Temple.
  7918 | D:6      | Reached *** piety under Okawaru
  8085 | D:6      | Found a sacrificial altar of Ru.
  8098 | D:6      | Reached XP level 9. HP: 67/68 MP: 13/13
  8117 | D:6      | Reached skill level 5 in Armour
  8411 | D:6      | Reached skill level 3 in Fighting
  8729 | D:7      | Found a basalt altar of Yredelemnul.
  8748 | D:7      | Noticed a profane servitor
  8970 | D:7      | Found a glowing golden altar of the Shining One.
  8972 | D:7      | Noticed an angel
  9028 | D:8      | Found a runed gate.
  9028 | D:8      | Found a runed gate.
  9028 | D:8      | Found a runed gate.
  9034 | D:8      | Noticed confidenceinterval's ghost (novice GnWn)
  9036 | D:8      | Identified the +9 dire flail of Sube {freeze, *Corrode
                  | rElec rF+ MR+}
  9036 | D:8      | Identified the cursed +1 plate armour of the Devil's
                  | Advocate {rPois}
  9047 | D:8      | Found a roughly hewn altar of Beogh.
  9411 | D:8      | Noticed a two-headed ogre
  9543 | D:8      | Killed a two-headed ogre
  9543 | D:8      | Received a gift from Okawaru
  9549 | D:8      | Reached skill level 4 in Fighting
  9764 | D:8      | You fall through a shaft for 3 floors!
  9843 | D:11     | Noticed a cyclops
  9859 | D:11     | Noticed Psyche
  9939 | D:11     | Noticed a two-headed ogre
 10200 | D:11     | Reached **** piety under Okawaru
 10200 | D:11     | Reached XP level 10. HP: 73/78 MP: 14/14
 10208 | D:10     | Entered Level 10 of the Dungeon
 10305 | D:9      | Found a staircase to the Lair.
 10843 | D:11     | Reached skill level 5 in Invocations
 11039 | D:10     | Noticed a two-headed ogre
 11085 | D:10     | Killed a two-headed ogre
 11270 | D:10     | Reached ***** piety under Okawaru
 12001 | D:10     | Reached skill level 5 in Fighting
 12647 | D:9      | Reached XP level 11. HP: 83/86 MP: 12/15
 12689 | D:9      | Noticed a two-headed ogre
 12881 | D:8      | Noticed Joseph
 13888 | D:8      | Found a roughly hewn altar of Beogh.
 14643 | D:8      | Killed Joseph
 15636 | D:9      | Killed a two-headed ogre
 15636 | D:9      | Received a gift from Okawaru
 15636 | D:9      | Reached skill level 1 in Shields
 15955 | D:9      | Found a burning altar of Makhleb.
 16504 | D:11     | Noticed a two-headed ogre
 16723 | D:11     | Killed Psyche
 16784 | D:11     | Killed a two-headed ogre
 17253 | D:11     | Killed a two-headed ogre
 17253 | D:11     | Reached skill level 6 in Fighting
 17420 | D:12     | Noticed a brown ugly thing
 17437 | D:12     | Killed a brown ugly thing
 17437 | D:12     | Reached skill level 10 in Polearms
 17474 | D:12     | Found a frozen archway.
 17607 | IceCv    | Entered an ice cave
 17646 | IceCv    | Received a gift from Okawaru
 17680 | IceCv    | Reached XP level 12. HP: 82/94 MP: 16/16
 18037 | IceCv    | Found an ancient bone altar of Kikubaaqudgha.
 18970 | IceCv    | Identified the Handbook of Ice
 18982 | IceCv    | Got a pair of encrusted gloves
 18993 | IceCv    | Identified the cursed +0 pair of gloves of Resilience
                  | {rPois Int+3} (You found it in an ice cave)
 19245 | D:12     | Noticed a two-headed ogre
 19297 | D:11     | Killed a two-headed ogre
 19832 | D:12     | Reached skill level 7 in Fighting
 19848 | D:12     | Found a staircase to the Orcish Mines.
 20317 | D:12     | Received a gift from Okawaru
 20325 | D:12     | Got a faintly glowing demon trident {god gift}
 20326 | D:12     | Identified the +8 demon trident "Ywnijiz" {elec, rPois
                  | rC++} (Okawaru gifted it to you on level 12 of the Dungeon)
 20462 | D:12     | Found a roughly hewn altar of Beogh.
 20735 | D:12     | Identified a scroll of acquirement
 20954 | D:13     | Noticed Snorg
 21071 | D:13     | Killed Snorg
 21301 | D:13     | Reached XP level 13. HP: 87/103 MP: 19/19
 21382 | D:13     | Noticed Maurice
 21660 | D:13     | You fall through a shaft!
 21667 | D:14     | Identified Roxanne's Collected Works on the Mountains
 21667 | D:14     | Noticed Roxanne
 21685 | D:14     | Reached skill level 10 in Armour
 22094 | D:14     | Killed Roxanne
 22173 | D:13     | Learned a level 3 spell: Conjure Flame
 22287 | D:13     | Received a gift from Okawaru
 22290 | D:13     | Got a fine centaur barding {god gift}
 22296 | D:13     | Identified the +4 centaur barding "Neixeox" {rN++ MP+9
                  | Str-4 Stlth+} (Okawaru gifted it to you on level 13 of the
                  | Dungeon)
 22349 | D:13     | Reached skill level 1 in Throwing
 22406 | D:13     | Found a gate to the Vaults.
 22406 | D:13     | Noticed an ironheart preserver
 22447 | D:13     | Killed an ironheart preserver
 22447 | D:13     | Reached skill level 1 in Conjurations
 22447 | D:13     | Reached skill level 1 in Fire Magic
 22789 | D:13     | Killed Maurice
 22789 | D:13     | Reached skill level 8 in Fighting
 23489 | D:14     | Found an ornate altar of the Wu Jian Council.
 23671 | D:15     | Entered Level 15 of the Dungeon
 23768 | D:15     | Found a gate leading to a gauntlet.
 23773 | Gauntlet | Entered a Gauntlet
 23773 | Gauntlet | Found a transporter.
 23783 | Gauntlet | Found a transporter.
 23791 | Gauntlet | Found a transporter.
 23791 | Gauntlet | Found a transporter.
 23815 | Gauntlet | Found a transporter.
 23822 | Gauntlet | Found a transporter.
 23837 | Gauntlet | Found a transporter.
 23857 | Gauntlet | Found a transporter.
 23893 | Gauntlet | Found a transporter.
 23895 | Gauntlet | Identified the ring of Qoan {+Fly rF+ rC+ Int+4 Dex-4}
 23898 | Gauntlet | Found a transporter.
 23921 | Gauntlet | Found a transporter.
 23926 | Gauntlet | Found a transporter.
 23945 | Gauntlet | Found a transporter.
 23950 | Gauntlet | Found a transporter.
 23967 | Gauntlet | Found a transporter.
 23972 | Gauntlet | Found a transporter.
 24021 | Gauntlet | Found a transporter.
 24057 | Gauntlet | Found a transporter.
 24475 | Gauntlet | Got a warped iron ring
 24477 | Gauntlet | Identified the ring "Beipno" {rCorr +Blink rC++ rN+ Int-5}
                  | (You found it in a Gauntlet)
 24523 | Gauntlet | Noticed a minotaur
 24533 | Gauntlet | Killed a minotaur
 24554 | Gauntlet | Got a translucent plate armour
 24565 | Gauntlet | Identified the +12 plate armour of Dyspraxia {+Inv} (You
                  | found it in a Gauntlet)
 24749 | D:15     | Received a gift from Okawaru
 24773 | D:15     | Reached skill level 1 in Evocations
 24773 | D:15     | Reached XP level 14. HP: 60/114 MP: 20/20
 25024 | D:15     | Reached skill level 5 in Shields
 25092 | D:15     | Found a white marble altar of Elyvilon.
 25187 | D:15     | Reached skill level 9 in Fighting
 25241 | D:15     | Reached ****** piety under Okawaru
 25358 | D:15     | Found a staircase to the Depths.
 25955 | Lair:1   | Entered Level 1 of the Lair of Beasts
 26056 | Lair:1   | Received a gift from Okawaru
 26820 | Lair:2   | Found a staircase to the Snake Pit.
 27125 | Lair:2   | Gained mutation: Your spells are a little harder to cast,
                  | but a little more powerful. [potion of mutation]
 27125 | Lair:2   | Gained mutation: You are agile. (Dex +2) [potion of
                  | mutation]
 27126 | Lair:2   | Lost mutation: Your spells are a little harder to cast, but
                  | a little more powerful. [potion of mutation]
 27126 | Lair:2   | Lost mutation: You are agile. (Dex +2) [potion of mutation]
 27126 | Lair:2   | Gained mutation: Your movements are slightly less
                  | encumbered by armour. (ER -2) [potion of mutation]
 27126 | Lair:2   | Gained mutation: You are weak. (Str -2) [potion of
                  | mutation]
 27126 | Lair:2   | Gained mutation: You are resistant to electric shocks.
                  | (rElec) [potion of mutation]
 27662 | Lair:3   | Got a bound zirconium amulet
 28213 | Lair:4   | Noticed Kirke
 28231 | Lair:4   | Killed Kirke
 28280 | Lair:4   | Reached skill level 10 in Fighting
 28322 | Lair:4   | Received a gift from Okawaru
 28533 | Lair:4   | Identified the amulet of Gular {+Rage rElec Dex+7 SInv}
                  | (You found it on level 3 of the Lair of Beasts)
 28617 | Lair:4   | Found a staircase to the Shoals.
 29053 | Lair:4   | Noticed an entropy weaver
 29062 | Lair:4   | Killed an entropy weaver
 29080 | Lair:4   | Received a gift from Okawaru
 29090 | Lair:4   | Noticed an entropy weaver
 29104 | Lair:4   | Killed an entropy weaver
 29104 | Lair:4   | Reached XP level 15. HP: 75/126 MP: 21/21
 29914 | Lair:5   | Noticed Urug
 29936 | Lair:5   | Killed Urug
 30261 | Lair:6   | Entered Level 6 of the Lair of Beasts
 30703 | Lair:6   | Reached skill level 11 in Fighting
 30703 | Lair:6   | Reached skill level 5 in Throwing
 30833 | Lair:6   | Found a staircase to the Slime Pits.
 30833 | Lair:6   | Found a viscous altar of Jiyva.
 30958 | Lair:6   | Reached skill level 5 in Evocations
 31074 | Lair:6   | Received a gift from Okawaru
 31448 | Lair:6   | Found a large runed door.
 31449 | Lair:6   | Found a large runed door.
 31985 | Orc:1    | Entered Level 1 of the Orcish Mines
 32156 | Orc:1    | Found a roughly hewn altar of Beogh.
 32197 | Orc:2    | Entered Level 2 of the Orcish Mines
 32306 | Orc:2    | Found a staircase to the Elven Halls.
 32796 | Orc:2    | Reached skill level 12 in Fighting
 32954 | Orc:2    | Found Orreroin's Distillery.
 32954 | Orc:2    | Found Zuoteag's Book Shoppe.
 32955 | Orc:2    | Found Minnyrorph's Antique Weapon Shoppe.
 32958 | Orc:2    | Found Zahaucs's Gadget Emporium.
 32965 | Orc:2    | Bought a potion of resistance for 120 gold pieces
 32965 | Orc:2    | Bought a potion of heal wounds for 60 gold pieces
 32965 | Orc:2    | Bought a potion of flight for 36 gold pieces
 32965 | Orc:2    | Bought a potion of curing for 36 gold pieces
 33092 | Orc:2    | Found Roby's Magic Scroll Shop.
 33110 | Orc:2    | Bought a scroll of enchant weapon for 97 gold pieces
 33112 | Orc:2    | Noticed Sonja
 33736 | Lair:6   | Fell from the grace of Okawaru
 33736 | Lair:6   | Became a worshipper of Jiyva Jeos the Shapeless
 33967 | Lair:6   | Reached * piety under Jiyva
 34254 | Lair:6   | Found a staircase to the Slime Pits.
 34254 | Lair:6   | Found a viscous altar of Jiyva.
 35344 | Lair:5   | Reached ** piety under Jiyva
 35952 | Lair:4   | Found a staircase to the Shoals.
 36467 | Lair:3   | Got an ancient ring mail
 36478 | Lair:3   | Identified the +3 ring mail of Yesterday {rElec MR++ MP+9}
                  | (You found it on level 3 of the Lair of Beasts)
 36810 | D:8      | Reached *** piety under Jiyva
 36810 | D:8      | Lost mutation: You are weak. (Str -2) [Jiyva's grace]
 36904 | D:8      | Killed confidenceinterval's ghost
 36930 | D:8      | Gained mutation: Your rubbery body absorbs attacks. (AC +1,
                  | EV +1) [Jiyva's grace]
 36931 | D:8      | Reached **** piety under Jiyva
 37034 | D:8      | Gained mutation: Scrolls take you a little longer to read.
                  | [Jiyva's grace]
 37111 | D:8      | Reached ***** piety under Jiyva
 37112 | D:8      | Lost mutation: Scrolls take you a little longer to read.
                  | [Jiyva's power]
 37216 | D:8      | Found a roughly hewn altar of Beogh.
 37736 | D:7      | Found a basalt altar of Yredelemnul.
 37946 | D:7      | Found a glowing golden altar of the Shining One.
 38038 | D:6      | Lost mutation: Your rubbery body absorbs attacks. (AC +1,
                  | EV +1) [Jiyva's grace]
 38191 | D:6      | Found a hide-covered altar of Uskayaw.
 38270 | D:6      | Found a staircase to the Ecumenical Temple.
 38421 | D:6      | Found a sacrificial altar of Ru.
 38619 | Temple   | Entered the Ecumenical Temple
 38817 | D:5      | Found a bloodstained altar of Trog.
 38821 | D:5      | Found a stormy altar of Qazlal.
 38821 | D:5      | Found an ancient bone altar of Kikubaaqudgha.
 40809 | D:13     | Found a gate to the Vaults.
 41109 | D:13     | Lost mutation: You are resistant to electric shocks.
                  | (rElec) [Jiyva's grace]
 41590 | Orc:1    | Gained mutation: Your movements are less encumbered by
                  | armour. (ER -4) [Jiyva's grace]
 41615 | Orc:1    | Found a roughly hewn altar of Beogh.
 41703 | Orc:1    | Found a roughly hewn altar of Beogh.
 41823 | Orc:2    | Found Orreroin's Distillery.
 41823 | Orc:2    | Found Zahaucs's Gadget Emporium.
 41824 | Orc:2    | Found Minnyrorph's Antique Weapon Shoppe.
 41828 | Orc:2    | Found Zuoteag's Book Shoppe.
 41987 | Orc:2    | Gained mutation: You are partially covered in molten
                  | scales. (AC +2) [Jiyva's grace]
 41993 | Orc:2    | Killed Sonja
 41996 | Orc:2    | Reached ****** piety under Jiyva
 41996 | Orc:2    | Gained mutation: Your translucent skin slightly reduces
                  | your foes' accuracy. (Stealth) [Jiyva's grace]
 42019 | Orc:2    | Noticed a frost giant
 42051 | Orc:2    | Killed a frost giant
 42396 | Orc:2    | Found a staircase to the Elven Halls.
 42546 | Orc:2    | Found Roby's Magic Scroll Shop.
 42939 | Slime:1  | Entered Level 1 of the Pits of Slime
 42949 | Slime:1  | Noticed an acid blob
 42990 | Slime:1  | You fall through a shaft!
 42990 | Slime:2  | Noticed an acid blob
 42996 | Slime:2  | Noticed an azure jelly
 43033 | Slime:2  | Noticed an acid blob
 43039 | Slime:2  | Killed an acid blob
 43042 | Slime:2  | Killed an azure jelly
 43069 | Slime:2  | Noticed an azure jelly
 43069 | Slime:2  | Noticed an acid blob
 43069 | Slime:2  | Noticed an acid blob
 43070 | Slime:2  | Noticed an azure jelly
 43081 | Slime:2  | Killed an acid blob
 43086 | Slime:2  | Killed an acid blob
 43150 | Slime:3  | Noticed an azure jelly
 43159 | Slime:3  | Noticed an acid blob
 43165 | Slime:3  | Noticed an azure jelly
 43171 | Slime:3  | Noticed an acid blob
 43174 | Slime:3  | Noticed an azure jelly
 43334 | Shoals:1 | Entered Level 1 of the Shoals
 43357 | Shoals:1 | Found Tuotri's Antique Weapon Shoppe.
 43364 | Shoals:1 | Gained mutation: You have a pair of small horns on your
                  | head. [Jiyva's grace]
 43686 | Shoals:1 | Gained mutation: Armour fits poorly on your pseudopods.
                  | [Jiyva's grace]
 43971 | Shoals:2 | Reached XP level 16. HP: 84/138 MP: 22/22
 44824 | Shoals:2 | Reached skill level 13 in Fighting
 45051 | Shoals:2 | Noticed a titan
 45051 | Shoals:2 | Noticed a deep elf master archer
 45088 | Shoals:2 | Killed a titan
 45112 | Shoals:2 | Killed a deep elf master archer
 45131 | Shoals:2 | Gained mutation: You have a small jelly attached to you
                  | that senses nearby items. [Jiyva's grace]
 45247 | Shoals:2 | Found a large runed door.
 45247 | Shoals:2 | Lost mutation: Armour fits poorly on your pseudopods.
                  | [Jiyva's grace]
 45248 | Shoals:2 | Found a large runed door.
 45251 | Shoals:2 | Noticed Nabew's ghost (adept SpEn)
 45494 | Shoals:3 | Gained mutation: You expend magic power (3 MP) to
                  | strengthen your wands. [Jiyva's grace]
 45619 | Shoals:3 | Lost mutation: Your movements are less encumbered by
                  | armour. (ER -4) [Jiyva's grace]
 45729 | Shoals:3 | Gained mutation: You have supernaturally acute eyesight.
                  | (SInv) [Jiyva's grace]
 45810 | Shoals:3 | Identified the Handbook of Assistive Conjuration
 45941 | Shoals:4 | Entered Level 4 of the Shoals
 46680 | Shoals:3 | Lost mutation: You have a pair of small horns on your head.
                  | [Jiyva's grace]
 47187 | Shoals:4 | Reached skill level 14 in Fighting
 47347 | Shoals:4 | Lost mutation: Your translucent skin slightly reduces your
                  | foes' accuracy. (Stealth) [Jiyva's grace]
 47381 | Shoals:4 | Gained mutation: You have a small jelly attached to you
                  | that may absorb incoming projectiles. [Jiyva's grace]
 47456 | Shoals:4 | Noticed a titan
 47937 | Shoals:4 | Killed a titan
 48001 | Shoals:4 | Noticed a deep elf master archer
 48506 | Shoals:2 | Noticed a titan
 48506 | Shoals:2 | Noticed a titan
 48516 | Shoals:2 | Killed a titan
 48530 | Shoals:2 | Killed a titan
 49791 | Shoals:4 | Gained mutation: Your translucent skin slightly reduces
                  | your foes' accuracy. (Stealth) [Jiyva's grace]
 49794 | Shoals:4 | Killed a deep elf master archer
 50422 | Shoals:4 | Reached skill level 10 in Throwing
 50422 | Shoals:4 | Reached XP level 17. HP: 150/150 MP: 23/23
 50518 | Shoals:4 | Got a barnacled rune of Zot
 50518 | Shoals:4 | Gained mutation: You are somewhat resistant to further
                  | mutation. [Jiyva's grace]
 50731 | Snake:1  | Entered Level 1 of the Snake Pit
 50982 | Snake:1  | Gained mutation: Your body has grown golden eyes which may
                  | confuse attackers. (Acc +3) [Jiyva's grace]
 51456 | Snake:1  | Gained mutation: Your rubbery body absorbs attacks. (AC +1,
                  | EV +1) [Jiyva's grace]
 51613 | Snake:1  | Noticed a deep elf master archer
 51640 | Snake:1  | Killed a deep elf master archer
 51841 | Snake:1  | Noticed a titan
 51841 | Snake:1  | Noticed a deep elf master archer
 51855 | Snake:1  | Killed a titan
 52011 | Snake:1  | Gained mutation: You are weak. (Str -2) [Jiyva's grace]
 52527 | Snake:1  | Reached skill level 15 in Fighting
 52580 | Snake:1  | Killed a deep elf master archer
 53286 | Snake:2  | Noticed a titan
 53381 | Snake:2  | Lost mutation: Your rubbery body absorbs attacks. (AC +1,
                  | EV +1) [Jiyva's grace]
 53557 | Snake:2  | Noticed Azrael
 53576 | Snake:2  | Killed Azrael
 53608 | Snake:2  | Lost mutation: You are weak. (Str -2) [Jiyva's grace]
 53699 | Snake:2  | Lost mutation: You have a small jelly attached to you that
                  | may absorb incoming projectiles. [Jiyva's grace]
 54537 | Snake:3  | Gained mutation: You tend to lose your temper in combat.
                  | [Jiyva's grace]
 54618 | Snake:3  | Gained mutation: You have a pair of small horns on your
                  | head. [Jiyva's grace]
 54774 | Snake:3  | Gained mutation: You are partially covered in icy blue
                  | scales. (AC +2) [Jiyva's grace]
 55002 | Snake:3  | Lost mutation: You have a pair of small horns on your head.
                  | [Jiyva's grace]
 55211 | Snake:3  | Lost mutation: You tend to lose your temper in combat.
                  | [Jiyva's power]
 55355 | Snake:3  | Noticed a titan
 55365 | Snake:3  | Killed a titan
 55563 | Snake:3  | Was forgiven by Okawaru
 55564 | Snake:3  | Noticed a deep elf master archer
 55607 | Snake:3  | Killed a deep elf master archer
 55919 | Snake:4  | Entered Level 4 of the Snake Pit
 56107 | Snake:4  | Found Zeeji's Armour Shoppe.
 56154 | Snake:4  | Bought the +2 hat of Cicy {rF+ Str+3 Int+4} for 555 gold
                  | pieces
 56807 | Snake:4  | Reached XP level 18. HP: 166/166 MP: 24/24
 56949 | Snake:4  | Gained mutation: You have acidic saliva. [Jiyva's grace]
 57000 | Snake:4  | Gained mutation: Your rubbery body absorbs attacks. (AC +1,
                  | EV +1) [Jiyva's grace]
 57053 | Snake:4  | Lost mutation: You have acidic saliva. [Jiyva's grace]
 57061 | Snake:4  | Lost mutation: Your rubbery body absorbs attacks. (AC +1,
                  | EV +1) [Jiyva's grace]
 57091 | Snake:4  | Lost mutation: You have a small jelly attached to you that
                  | senses nearby items. [Jiyva's grace]
 57165 | Snake:3  | Killed from afar by a nagaraja

Vault maps used:
D:1:      onia_arrival_mini_spirals, ashenzari_altar_1
D:2:      kb_forest_paths, lemuel_crystal_altar, minmay_domino_4
D:3:      lemuel_doored_altar, first_ration
D:4:      kennysheep_small_square
D:5:      grunt_temple_overflow_open, serial_bayou_crossing, uniq_ijyb
D:6:      nicolae_ru_sacrificial_ziggurat, minmay_temple_entry_antechambers,
          basic_altar, enter_ossuary_3
D:7:      grunt_temple_overflow_holy_war
D:8:      corexii_shantytown, biasface_ghost_orc_armoury, uniq_joseph
D:9:      lightli_temple_of_fire, minmay_lair_entry_grove,
          hangedman_decor_points, kennysheep_doodads
D:10:     the_bakery
D:11:     uniq_psyche
D:12:     erik_orc_4, portal_ice_cave_entry_pillars_1, special_room,
          lemuel_flamethrower_3
D:13:     skrybe_vaults_entry_preservation, hangedman_abyss_or_decor_clamps,
          uniq_maurice, uniq_snorg
D:14:     roderic_lattice_octagonal_star, basic_altar, uniq_roxanne
D:15:     gammafunk_enter_depths_forms, gauntlet_entry_generic,
          minmay_misc_feat_encased, elyvilon_altar_5
Temple:   cyrus_circular_temple
Lair:2:   dummy_snake_entry, minmay_holes, nicolae_quartered_pool_little,
          grunt_megastairs_5
Lair:3:   serial_bayou_shore_b, grunt_megastairs_1
Lair:4:   statuecave_lemuel, minmay_shoals_entry_lonely_mermaid,
          zaba_antful_of_joy, serial_bayou_shore_a, uniq_kirke
Lair:5:   uniq_urug
Lair:6:   cheibrodos_lair_end_hotspot, slime_altar_1, lemuel_fruit_tree
Shoals:1: serial_shops, nicolae_shop_waterfront
Shoals:2: ebering_ghost_disaster_area
Shoals:4: shoals_end_grunt_ice
Snake:1:  abandoned_shop, nicolae_snake_double_loop
Snake:2:  st_stairs_1, serial_bayou_shore_b, basic_stair_grate_trap,
          grunt_megastairs_2, uniq_azrael
Snake:4:  johnstein_snake_rune_scales, serial_shops, shop, serial_bayou_lagoon_a
Slime:1:  cheibrodos_slime_lost_civilization_5
Slime:3:  nicolae_slime_phagocytosis
Orc:1:    minmay_orc_temple_b
Orc:2:    st_orc_mages, serial_shops, shop, uniq_sonja
Ossuary:  ossuary_minmay_scorpions
IceCv:    ice_cave_small_necro
Gauntlet: gammafunk_gauntlet_one_two_three

Skill      XL: |  1  2  3  4  5  6  7  8  9 10 11 12 13 14 15 16 17 18 |
---------------+-------------------------------------------------------+-----
Hexes          | 3 4 |  4.5
Dodging        | 2 |  2.3
Spellcasting   | 2 3 |  3.3
Armour         | 1 3 4 6 7 9 10 11 12 13 14 | 14.0
Polearms       | 1 3 5 7 8 10 11 12 14 | 14.0
Invocations    | 1 2 4 5 6 8 |  8.4
Fighting       | 2 4 5 6 7 8 10 12 14 15 | 15.9
Shields        | 2 3 4 6 7 9 |  9.6
Throwing       | 3 4 7 10 12 | 12.5
Conjurations   | 2 |  2.0
Fire Magic     | 2 |  2.0
Evocations     | 1 4 5 7 8 |  8.6
Crossbows      | |  2.6

Action                   |  1- 3 |  4- 6 |  7- 9 | 10-12 | 13-15 | 16-18 || total
-------------------------+-------+-------+-------+-------+-------+-------++-------
Melee: Unarmed           |    16 |       |       |       |       |       ||    16
       Short sword       |   140 |   125 |       |       |       |       ||   265
       Kick              |    23 |    47 |   172 |   261 |   337 |   442 ||  1282
       Dagger            |     4 |       |       |       |       |       ||     4
       Spear             |       |   141 |   151 |   827 |       |       ||  1119
       Trident           |       |       |   724 |   653 |       |       ||  1377
       Punch             |       |       |     1 |       |       |       ||     1
       Demon trident     |       |       |       |    80 |  1453 |  1935 ||  3468
       Headbutt          |       |       |       |       |     7 |    62 ||    69
       Pseudopods        |       |       |       |       |     3 |    26 ||    29
       Bite              |       |       |       |       |       |     4 ||     4
 Fire: Hand crossbow     |     4 |    19 |       |       |    38 |       ||    61
Throw: Stone             |     4 |       |     1 |       |       |       ||     5
       Tomahawk          |       |       |    38 |    66 |     4 |       ||   108
       Javelin           |       |       |     6 |    11 |    25 |     1 ||    43
 Cast: Corona            |    11 |    10 |       |       |     2 |       ||    23
       Slow              |     4 |    14 |       |       |       |       ||    18
Invok: Heroism           |       |     2 |     7 |    21 |    11 |       ||    41
       Finesse           |       |       |       |     4 |     2 |       ||     6
       Request Jelly     |       |       |       |       |    10 |       ||    10
       Cure Bad Mutation |       |       |       |       |     1 |     1 ||     2
 Abil: Evoke Berserk Rag |       |       |       |       |       |     2 ||     2
       Evoke Invisibilit |       |       |       |       |       |     2 ||     2
       Evoke Blink       |       |       |       |       |       |     1 ||     1
Evoke: Wand              |       |       |       |    35 |     8 |     1 ||    44
       Lamp of fire      |       |       |       |       |       |     1 ||     1
  Use: Scroll            |       |       |     5 |    22 |    23 |     7 ||    57
       Potion            |       |       |     4 |       |     4 |     2 ||    10
 Stab: Distracted        |       |       |       |       |     2 |       ||     2
       Sleeping          |       |       |       |       |     1 |       ||     1
       Paralysed         |       |       |       |       |     2 |       ||     2
       Invisible         |       |       |       |       |       |     5 ||     5
       Confused          |       |       |       |       |       |     3 ||     3
  Eat: Chunk             |     2 |    10 |    13 |    24 |    27 |       ||    76
       Ration            |       |       |     1 |     6 |     4 |       ||    11
Armor: Robe              |   102 |    42 |       |    46 |       |       ||   190
       Plate armour      |       |    31 |   481 |   408 |   465 |   941 ||  2326
       Troll leather arm |       |       |       |       |    68 |       ||    68
Dodge: Dodged            |   131 |   103 |   104 |   122 |   102 |   237 ||   799
Block: Shield            |       |       |       |   253 |   323 |   715 ||  1291

Table legend:
 A = Non-vault XP
 B = Vault XP
 C = Vault XP percentage of total XP
 D = Non-vault monster count
 E = Vault monster count
 F = Vault count percentage of total count
                 A         B        C        D         E       F
            +---------+---------+-------+---------+---------+-------
      Total |  218522 |   94416 |  30.2 |     813 |     453 |  35.8
            +---------+---------+-------+---------+---------+-------
        D:1 |     105 |       3 |   2.8 |      38 |       2 |   5.0
        D:2 |     128 |      25 |  16.3 |      24 |       7 |  22.6
        D:3 |     232 |       0 |   0.0 |      24 |       0 |   0.0
        D:4 |     384 |      57 |  12.9 |      20 |       2 |   9.1
        D:5 |     384 |      36 |   8.6 |      25 |       1 |   3.8
        D:6 |     825 |       1 |   0.1 |      22 |       1 |   4.3
        D:7 |     481 |       0 |   0.0 |      10 |       0 |   0.0
        D:8 |    2015 |    2274 |  53.0 |      20 |      47 |  70.1
        D:9 |    1546 |    1148 |  42.6 |      11 |       8 |  42.1
       D:10 |    4557 |     474 |   9.4 |      48 |       3 |   5.9
       D:11 |    8381 |     442 |   5.0 |      46 |       2 |   4.2
       D:12 |    5030 |    1349 |  21.1 |      22 |      35 |  61.4
       D:13 |    5586 |    5435 |  49.3 |      31 |      11 |  26.2
       D:14 |    5672 |    1934 |  25.4 |      19 |       1 |   5.0
       D:15 |   10640 |    4575 |  30.1 |      25 |      16 |  39.0
     Lair:1 |    1505 |       0 |   0.0 |       5 |       0 |   0.0
     Lair:2 |    4962 |     372 |   7.0 |      27 |       1 |   3.6
     Lair:3 |    3834 |     411 |   9.7 |      18 |       1 |   5.3
     Lair:4 |    8327 |    9780 |  54.0 |      30 |      37 |  55.2
     Lair:5 |    4002 |     839 |  17.3 |      16 |       1 |   5.9
     Lair:6 |   13639 |    8180 |  37.5 |      38 |      25 |  39.7
   Shoals:1 |    9108 |       0 |   0.0 |      20 |       0 |   0.0
   Shoals:2 |   21984 |       0 |   0.0 |      42 |       0 |   0.0
   Shoals:3 |   16225 |    1013 |   5.9 |      31 |       2 |   6.1
   Shoals:4 |   10994 |   15901 |  59.1 |      22 |      26 |  54.2
    Snake:1 |   16873 |       0 |   0.0 |      36 |       0 |   0.0
    Snake:2 |    6929 |    4607 |  39.9 |      17 |      13 |  43.3
    Snake:3 |   27142 |       0 |   0.0 |      59 |       0 |   0.0
    Snake:4 |   23363 |   15726 |  40.2 |      43 |      33 |  43.4
      Orc:1 |     874 |     933 |  51.6 |       7 |      18 |  72.0
      Orc:2 |    2795 |    5798 |  67.5 |      17 |      46 |  73.0
    Ossuary |       0 |     980 | 100.0 |       0 |      37 | 100.0
      IceCv |       0 |    6279 | 100.0 |       0 |      54 | 100.0
   Gauntlet |       0 |    5844 | 100.0 |       0 |      23 | 100.0
            +---------+---------+-------+---------+---------+-------
